 Dungeon Crawl Stone Soup version 0.19.5 (webtiles) character file.

728 tricornhat the Slasher (level 7, -8/54 HPs)
             Began as a Demonspawn Fighter on Mar 20, 2017.
             Was an Initiate of Okawaru.
             Mangled by Prince Ribbit (10 damage)
             ... on level 4 of the Dungeon.
             The game lasted 00:23:07 (5143 turns).

tricornhat the Slasher (Demonspawn Fighter)         Turns: 5143, Time: 00:23:07

Health: -8/54      AC: 10    Str: 16    XL:     7   Next: 44%
Magic:  7/7        EV:  4    Int:  9    God:    Okawaru [......]
Gold:   181        SH:  9    Dex: 15    Spells: 0 memorised, 6 levels left

rFire  . . .     SeeInvis .     a - +0 long sword
rCold  . . .     Gourm    .     o - +0 chain mail
rNeg   . . .     Faith    .     c - +0 shield
rPois  .         Spirit   .     (no helmet)
rElec  .         Reflect  .     i - +0 cloak
rCorr  +         Harm     .     (gloves unavailable)
MR     .....                    (no boots)
Stlth  ..........               (no amulet)
                                (no ring)
                                n - ring of resist corrosion

@: no status effects
A: claws 3, rot immunity
a: Renounce Religion


You were on level 4 of the Dungeon.
You worshipped Okawaru.
Okawaru was noncommittal.
You were hungry.

You visited 1 branch of the dungeon, and saw 5 of its levels.

You collected 181 gold pieces.

Inventory:

Hand Weapons
 a - a +0 long sword (weapon)
 r - a +1 falchion of pain
Armour
 b - a +0 scale mail
 c - a +0 shield (worn)
 e - a +2 pair of gloves
 i - a +0 cloak (worn)
 o - a +0 chain mail (worn)
Jewellery
 k - an uncursed amulet of the gourmand
 n - a ring of resist corrosion (left claw)
Wands
 x - a wand of disintegration (0/24)
Scrolls
 g - 3 scrolls of remove curse
 p - 2 scrolls of identify
 w - 2 scrolls of amnesia {unknown}
Potions
 d - a potion of degeneration {unknown}
 j - a potion of flight {unknown}
 l - a potion of cancellation {unknown}
 m - a potion of heal wounds {unknown}
 s - a potion of cure mutation {unknown}
 t - a potion of berserk rage {unknown}
 v - a potion of magic {unknown}
Books
 u - a book of Minor Magic

   Spells                             Type                      Level
   a - Magic Dart                     Conjuration                  1
   b - Blink                          Translocation                2
   c - Call Imp                       Summoning                    2
   d - Repel Missiles                 Charms/Air                   2
   e - Slow                           Hexes                        2
   f - Conjure Flame                  Conjuration/Fire             3
   g - Mephitic Cloud                 Conjuration/Poison/Air       3
Comestibles
 f - 5 bread rations
 q - a meat ration


   Skills:
 + Level 4.0 Fighting
 * Level 5.7 Long Blades
 + Level 4.2 Armour
 - Level 0.5 Dodging
 + Level 4.0 Shields


You had 6 spell levels left.
You didn't know any spells.

Dungeon Overview and Level Annotations

Branches:
Dungeon (5/15)             Temple (0/1) D:4

Altars:
Okawaru
Ru
Sif Muna

Annotations:
D:3 Blork the orc
D:4 Eustachio, Prince Ribbit


Innate Abilities, Weirdness & Mutations

You have claws for hands.
You are immune to rotting.


Message History

Prince Ribbit is lightly wounded.
Prince Ribbit catches a small bird with his tongue.
Prince Ribbit hits you.
* * * LOW HITPOINT WARNING * * *
Prince Ribbit hits you but does no damage.
Your shield and chain mail prevent you from hitting Prince Ribbit.
Prince Ribbit is lightly wounded.
Prince Ribbit blinks!
You closely miss Prince Ribbit.
Prince Ribbit is lightly wounded.
Prince Ribbit blinks!
Prince Ribbit hits you.
* * * LOW HITPOINT WARNING * * *
Prince Ribbit hits you.
* * * LOW HITPOINT WARNING * * *
You slash Prince Ribbit!
Prince Ribbit is moderately wounded.
Prince Ribbit lets out a mournful croak.
Prince Ribbit hits you!
You die...

#..#....#..# #..#....#..#
#..####.#..# ###########..#
.#..####
#............######.....#
#########.##########........###.#
........#.......#########........
#######.#........................
# #.#......F@..>..........#.. #
#.#...........#####...#.#.. #
#.#..............#......#.. #
#.##......######.#.#....### #
#.##.........# #.#.###..# #
#.##.#######.# #.#...†#.# #
#.......# #.# #.####.#.# #
#.......####.###.# #.#.. #
#.......#.....##.# #.#...


You could see Prince Ribbit.

Vanquished Creatures
  Menkaure (D:4)
  A sky beast (D:5)
  A phantom (D:4)
  A scorpion (D:5)
  A jelly (D:5)
  An orc wizard (D:4)
  3 worker ants
  15 adders
  4 oozes
  A worm (D:3)
  4 dart slugs
  2 leopard geckos
  8 orcs
  8 bats
  5 giant cockroaches
  8 goblins
  9 hobgoblins
  10 kobolds
  11 frilled lizards
  3 hobgoblin zombies (D:4)
  An orc zombie (D:4)
  5 rats
103 creatures vanquished.

Notes
Turn   | Place    | Note
-------+----------+-------------------------------------------
     0 | D:1      | tricornhat the Demonspawn Fighter began the quest for the Orb.
     0 | D:1      | Reached XP level 1. HP: 18/18 MP: 1/1
   218 | D:1      | Gained mutation: You are immune to rotting. [demonic ancestry]
   218 | D:1      | Reached XP level 2. HP: 19/24 MP: 2/2
   466 | D:1      | Reached skill level 2 in Long Blades
   579 | D:1      | Reached XP level 3. HP: 27/29 MP: 3/3
   918 | D:2      | Gained mutation: You have sharp fingernails. [demonic ancestry]
   918 | D:2      | Reached XP level 4. HP: 19/35 MP: 4/4
  1272 | D:2      | Reached skill level 3 in Long Blades
  1735 | D:3      | Gained mutation: You have very sharp fingernails. [demonic ancestry]
  1735 | D:3      | Reached XP level 5. HP: 41/41 MP: 5/5
  2108 | D:3      | Found a sacrificial altar of Ru.
  2380 | D:3      | Noticed Blork the orc
  2386 | D:3      | Found a deep blue altar of Sif Muna.
  2855 | D:4      | Noticed Menkaure
  2866 | D:4      | Killed Menkaure
  2866 | D:4      | Reached skill level 4 in Long Blades
  2866 | D:4      | Gained mutation: You have claws for hands. [demonic ancestry]
  2866 | D:4      | Reached XP level 6. HP: 20/47 MP: 6/6
  2944 | D:4      | Noticed Eustachio
  2961 | D:5      | Entered Level 5 of the Dungeon
  3026 | D:4      | HP: 2/47 [phantom (5)]
  3450 | D:4      | Reached skill level 5 in Long Blades
  3674 | D:4      | Found a staircase to the Ecumenical Temple.
  3712 | D:4      | Reached XP level 7. HP: 35/53 MP: 7/7
  4258 | D:4      | Found an iron altar of Okawaru.
  4263 | D:4      | Became a worshipper of Warmaster Okawaru
  5068 | D:5      | Noticed Prince Ribbit
  5142 | D:4      | HP: 2/54 [Prince Ribbit (2)]
  5143 | D:4      | Mangled by Prince Ribbit

Skill      XL: |  1  2  3  4  5  6  7 |
---------------+----------------------+-----
Long Blades    | 2 3 4 5 |  5.7
Shields        | 3 4 |  4.0
Armour         | 3 4 |  4.2
Fighting       | 4 |  4.0
Dodging        | |  0.5

Action                   |  1- 3 |  4- 6 |  7- 9 || total
-------------------------+-------+-------+-------++-------
Melee: Long sword        |   136 |   267 |   116 ||   519
Evoke: Wand              |       |       |     3 ||     3
  Use: Scroll            |     2 |     2 |     2 ||     6
       Potion            |       |     5 |     3 ||     8
  Eat: Chunk             |       |     8 |       ||     8
       Beef jerky        |       |     1 |       ||     1
       Bread ration      |       |       |     1 ||     1
Armor: Scale mail        |    83 |    11 |       ||    94
       Chain mail        |       |   215 |   135 ||   350
Dodge: Dodged            |    34 |    70 |    22 ||   126
Block: Shield            |    74 |   187 |    88 ||   349
       Rpst.: Long sword |    11 |    21 |     3 ||    35
